 Dungeon Crawl Stone Soup version 0.28.0-1-gb440e238dd (webtiles) character file.

Game seed: 11722979147547725745

20 Golzeb the Stinger (level 2, -1/22 HPs)
             Began as a Naga Venom Mage on Feb 20, 2022.
             Slain by a jackal (3 damage)
             ... on level 2 of the Dungeon.
             The game lasted 00:01:48 (902 turns).

Golzeb the Stinger (Naga Venom Mage)                 Turns: 902, Time: 00:01:48

Health: -1/22      AC:  1    Str: 10    XL:     2   Next: 79%
Magic:  2/5        EV: 10    Int: 15    God:
Gold:   45         SH:  0    Dex: 11    Spells: 4/5 levels left

rFire   . . .      SeeInvis +   a - +2 dagger (elec)
rCold   . . .      Faith    .   (no shield)
rNeg    . . .      Spirit   .   b - +0 robe
rPois   +          Reflect  .   (no helmet)
rElec   .          Harm     .   (no cloak)
rCorr   .          Rampage  .   (no gloves)
Will    .....                   (no barding)
Stlth   ++........              (no amulet)
HPRegen 0.07/turn               (no ring)
MPRegen 0.09/turn               (no ring)

@: very slightly contaminated, very slow
A: AC +0, large, see invisible, deformed body, poison resistance, slowness 2,
spit poison 1, naga tail 1
a: Spit Poison


You were on level 2 of the Dungeon.
You visited 1 branch of the dungeon, and saw 2 of its levels.

You collected 45 gold pieces.

Inventory:

Hand Weapons
 a - a +2 dagger of electrocution (weapon)
Armour
 b - a +0 robe (worn)
Scrolls
 c - a scroll of teleportation {unknown}
 e - a scroll of amnesia {unknown}
 h - a scroll of noise {unknown}
Potions
 d - a potion of invisibility {unknown}
 f - a potion of curing {unknown}
 g - a potion of berserk rage {unknown}


   Skills:
 + Level 1.8 Dodging
 + Level 3.4 Stealth
 + Level 2.2 Spellcasting
 + Level 1.4 Transmutations
 + Level 4.3 Poison Magic


You had 4 spell levels left.
You knew the following spells:

 Your Spells              Type           Power      Damage    Failure   Level
a - Sting                 Tmut/Pois      40%        1d5       7%          1

Your spell library contained the following spells:

 Spells                   Type           Power      Damage    Failure   Level
 Poisonous Vapours        Pois/Air       16%        N/A       14%         2
 Mephitic Cloud           Conj/Pois/Air  5%         N/A       36%         3
 Olgreb's Toxic Radiance  Pois           14%        N/A       36%         4


Dungeon Overview and Level Annotations

Branches:
Dungeon (1/15)

Altars:


Innate Abilities, Weirdness & Mutations

Your serpentine skin is tough. (AC +0)
You have supernaturally acute eyesight. (SInv)
Armour fits poorly on your strangely shaped body.
Your system is resistant to poisons. (rPois)
You cover ground very slowly.
You can spit poison.
You have a snake-like lower body.


Message History

The endoplasm is poisoned.
The endoplasm is lightly wounded.
The endoplasm hits you but does no damage.
A jackal comes into view.
The jackal barks!
You hit the endoplasm.
You kill the endoplasm!
A kobold comes into view. It is wielding a +0 short sword.
A bat comes into view.
A rat comes into view.
The bat moves out of view.
You see here a ball python corpse.
Things that are here:
a +0 short sword; a kobold corpse
Casting: Sting (safe; 7% risk of failure)
Confirm with . or Enter, or press ? or * to list all spells.
Aiming: Sting (safe; 7% risk of failure)
Press: ? - help, Shift-Dir - straight line, f - goblin
Aim: a goblin, wielding a +0 club (64% to hit)
You miscast Sting.
You are very lightly contaminated with residual magic.
Nothing appears to happen.
The goblin misses you.
You completely miss the goblin. The goblin hits you with a +0 club.
* * * LOW HITPOINT WARNING * * *
The jackal barely misses you. The goblin hits you with a +0 club.
* * * LOW HITPOINT WARNING * * *
Casting: Sting (safe; 7% risk of failure)
Confirm with . or Enter, or press ? or * to list all spells.
Aiming: Sting (safe; 7% risk of failure)
Press: ? - help, Shift-Dir - straight line, f/p - goblin
Aim: a goblin, wielding a +0 club (64% to hit)
The sting misses the goblin.
The sting hits the jackal.
The jackal is poisoned.
The jackal is almost dead.
The goblin hits you with a +0 club.
* * * LOW HITPOINT WARNING * * *
You hit the goblin but do no damage. The goblin closely misses you.
You hit the goblin. Lightning courses through the goblin!
You kill the goblin!
The jackal bites you.
You die...

...... ## ...... ..## #
......# ..# .#
.......###.#########.###
......(.................
....>...................
.K.......##.###.........
.....###w##...#........$
... #..h@............ .
#..###..........? ##.#
##..........
................
.#....##.........
..##... #......... #.
#.(. .......... #. ....
.........# ...........


You could see a worm and a jackal (poisoned).

Vanquished Creatures
  3 endoplasms
  2 giant cockroaches
  2 goblins
  A quokka (D:1)
  2 ball pythons
  A bat (D:1)
  2 frilled lizards (D:1)
  5 kobolds
  2 rats (D:1)
20 creatures vanquished.

Notes
Turn   | Place    | Note
-------+----------+-------------------------------------------
     0 | D:1      | Golzeb the Naga Venom Mage began the quest for the Orb.
     0 | D:1      | Reached XP level 1. HP: 15/15 MP: 3/3
   260 | D:1      | Reached XP level 2. HP: 6/22 MP: 0/5
   868 | D:1      | You fall into a shaft and drop 1 floor!
   902 | D:2      | Slain by a jackal

Illustrated notes

Levels and vault maps discovered:
D:1:      dpeg_arrival_rooms_b, layout_basic,
          hellmonk_ecumenical_altar_leap_of_faith
D:2:      cheibrodos_greedy_goblins, layout_rooms

Action                   || total
-------------------------++-------
Melee: Unarmed           ||     4
       Dagger            ||     8
 Cast: Sting             ||    23
 Abil: Spit Poison       ||     2
Armor: Robe              ||     2
Dodge: Dodged            ||    11
